 Dungeon Crawl Stone Soup version 0.29-a0-234-g0dae59b3db (webtiles) character file.

Game seed: 437003648488504621

69 spaghetti the Shooter (level 4, 0/49 HPs)
             Began as a Demonspawn Hunter on Mar 2, 2022.
             Slain by an orc
             ... wielding a +0 short sword
              (2 damage)
             ... on level 3 of the Dungeon.
             The game lasted 00:02:55 (1996 turns).

spaghetti the Shooter (Demonspawn Hunter)           Turns: 1996, Time: 00:02:55

Health: 0/49       AC:  4    Str: 18    XL:     4   Next: 2%
Magic:  8/8        EV: 12    Int: 20    God:
Gold:   121        SH:  4    Dex: 14    Spells: 8/8 levels left

rFire   . . .      SeeInvis .   (no weapon)
rCold   . . .      Faith    .   (no shield)
rNeg    . . .      Spirit   .   b - +0 leather armour
rPois   .          Reflect  .   (no helmet)
rElec   .          Harm     .   (no cloak)
rCorr   .          Rampage  .   (no gloves)
Will    .....                   (no boots)
Stlth   ..........              (no amulet)
HPRegen 0.16/turn               d - +6 ring of intelligence
MPRegen 0.22/turn               g - +6 ring of strength

@: berserking, very quick
A: magic regeneration, sharp scales 1, condensation shield
a: no special abilities


You were on level 3 of the Dungeon.
You visited 1 branch of the dungeon, and saw 3 of its levels.

You collected 121 gold pieces.


Innate Abilities, Weirdness & Mutations

You regenerate magic rapidly.
You are partially covered in razor-sharp scales. (AC +1, Slay +1)
A meltable shield of frost defends you. (SH +4)


   Skills:
 + Level 2.2 Fighting
 - Level 3.7 Bows
 - Level 2.0 Dodging
 - Level 1.2 Stealth
 - Level 2.7 Spellcasting


You had 8 spell levels left.
You didn't know any spells.
Your spell library was empty.

Inventory:

Hand Weapons
 a - a +1 shortbow {bow}
Missiles
 e - 2 boomerangs {throwing}
 k - 46 stones {throwing}
Armour
 b - a +0 leather armour (worn)
Jewellery
 d - a +6 ring of intelligence (left hand)
   (You found it on level 1 of the Dungeon)
 g - a +6 ring of strength (right hand)
   (You found it on level 1 of the Dungeon)
Scrolls
 i - a scroll of identify {@r1}
Potions
 h - a potion of flight

Dungeon Overview and Level Annotations

Branches:
Dungeon (3/15)

Altars:

#..........# #..
#.###################..
#.# #........... #.#
....o.........
#.#######.##..o........
#.#..........#.........
#..#...##...#..........
##..#..##..#...........
#...#@o..#............
#....#o.#.............
#.##..##..##. ........
#.##..# .# .......
#....#.. .. ......
#...#... .. .# .##. . #
. .. .. ..


You could see 2 orcs.


Message History

The dart slug closely misses you. The quokka barely misses you. 😱 HP[-4]
You take 4 damage, and now have 6/27 hp.
Shoot: a) +1 shortbow {bow}
Press: ? - help, Q - select action, (/) - cycle Shift-Dir - straight line, f/p - dart slug
Aim: a dart slug (heavily wounded, 93% to hit)
You shoot an arrow. The arrow hits the dart slug!
You kill the dart slug!
You block the quokka's attack. x2
Shoot: a) +1 shortbow {bow}
Press: ? - help, Q - select action, (/) - cycle Shift-Dir - straight line, f - quokka
Aim: a quokka (heavily wounded, 50% to hit)
You shoot an arrow. The arrow hits the quokka.
You kill the quokka!
You have reached level 4!
You feel agile.
Your demonic ancestry asserts itself...
Sharp scales grow over part of your body. 😱 HP[+2] MP[+1]
You now have 33 max hp (+6).
You regained 2 hp, and now have 8/33 hp.
Your mp is fully restored (8).
You start resting.
You feel yourself speed up.
You recover from your berserk rage.
You feel a little less clever now. 😎 HP[+25]
Your hp is fully restored (33).
A hobgoblin comes into view.
You shoot an arrow. The arrow hits the hobgoblin.
The hobgoblin shouts!
You shoot an arrow. The arrow hits the hobgoblin.
You shoot an arrow. The arrow barely misses the hobgoblin.
You shoot an arrow. The arrow hits the hobgoblin.
You kill the hobgoblin!
You now have 121 gold pieces (gained 8).
The orc priest shouts!
There are monsters nearby!
You shoot an arrow. The orc shouts!
The arrow hits the orc priest.
You hear a shout!
The orc priest calls down the wrath of Beogh upon you.
Beogh smites you! 😮 HP[-11]
You take 11 damage, and now have 22/33 hp.
MASSIVE DAMAGE!! (PAUSE)
You are too injured to fight recklessly!
Shoot: a) +1 shortbow {bow}
Press: ? - help, Q - select action, (/) - cycle Shift-Dir - straight line, f/p - orc priest
Aim: an orc priest, wielding a +0 hand axe (lightly wounded, 63% to hit)
You shoot an arrow.
The arrow hits the orc priest but does no damage.
Shoot: a) +1 shortbow {bow}
Press: ? - help, Q - select action, (/) - cycle Shift-Dir - straight line, f/p - orc priest
Aim: an orc priest, wielding a +0 hand axe (lightly wounded, 63% to hit)
You shoot an arrow.
The arrow closely misses the orc priest.
The orc priest mumbles some strange prayers to Beogh against you.
Beogh smites you!
* * * LOW HITPOINT WARNING * * *
😨 HP[-12]
You take 12 damage, and now have 10/33 hp.
MASSIVE DAMAGE!! (PAUSE)
Okay, then.
You aren't carrying any items that you can evoke.
Okay, then.
Okay, then.
You are now empty-handed.
Okay, then.
Really quaff
c - a potion of berserk rage {!q}?
A red film seems to cover your vision as you go berserk!
You feel yourself moving faster!
You feel mighty! 😨 HP[+5]
You now have 49 max hp (+16).
You regained 5 hp, and now have 15/49 hp.
You feel a strong urge to attack something.
The orc priest shouts!
The orc priest casts a cantrip, but nothing happens.
The orc drinks a potion.
The orc seems to speed up.
The orc hits you with a +0 short sword.
* * * LOW HITPOINT WARNING * * *
You hear a shout! 😱 HP[-3]
You take 3 damage, and now have 12/49 hp.
Unknown command.
Unknown command.
You punch the orc priest!
The orc priest calls down the wrath of Beogh upon you.
Pain shoots through your body!
* * * LOW HITPOINT WARNING * * *
😱 HP[-10]
You take 10 damage, and now have 2/49 hp.
MASSIVE DAMAGE!! (PAUSE) Unknown command.
Unknown command.
You hit the orc priest.
You kill the orc priest!
The orc hits you with a +0 short sword.
You die...

Skill      XL: |  1  2  3 |
---------------+----------+-----
Stealth        | 1 |  1.2
Dodging        | 2 |  2.0
Spellcasting   | 1 2 |  2.7
Fighting       | |  2.2
Bows           | |  3.7

Action                   |  1- 3 |  4- 6 || total
-------------------------+-------+-------++-------
Melee: Unarmed           |     4 |     2 ||     6
 Fire: Shortbow          |   145 |     7 ||   152
  Use: Scroll            |     5 |       ||     5
       Potion            |     3 |     1 ||     4
Armor: Leather armour    |    11 |       ||    11
Dodge: Dodged            |    38 |       ||    38
Block: Other             |    10 |       ||    10

Levels and vault maps discovered:
D:1:      matt_arrival_refuge, layout_basic, serial_forest,
          infiniplex_forest_clump_medium, infiniplex_forest_straight_2,
          infiniplex_forest_corner_2, infiniplex_forest_zigzag_1,
          infiniplex_forest_clump_medium, infiniplex_forest_lined_room_2,
          infiniplex_forest_lined_2, minmay_lizard_king
D:2:      layout_loops_cross, basic_ecumenical_altar,
          wander_ebering_terrifying_dragon_lair
D:3:      layout_basic, minivault_26, minmay_starry_boxes

Notes
Turn   | Place    | Note
-------+----------+-------------------------------------------
     0 | D:1      | spaghetti the Demonspawn Hunter began the quest for the
                  | Orb.
     0 | D:1      | Reached XP level 1. HP: 16/16 MP: 1/1
     0 | D:1      | magus.rc [v1.9.6]
    43 | D:1      | Reached skill level 1 in Stealth
   145 | D:1      | Reached skill level 2 in Dodging
   151 | D:1      | Gained mutation: You regenerate magic rapidly. [demonic
                  | ancestry]
   151 | D:1      | Reached XP level 2. HP: 22/22 MP: 2/2
   385 | D:1      | Reached skill level 1 in Spellcasting
   595 | D:1      | Gained mutation: A meltable shield of frost defends you.
                  | (SH +4) [demonic ancestry]
   595 | D:1      | Reached XP level 3. HP: 27/27 MP: 5/5
   924 | D:2      | Reached skill level 2 in Spellcasting
  1069 | D:2      | Found a faded altar of an unknown god.
  1729 | D:3      | HP: 4/27 [quokka (3)]
  1736 | D:3      | HP: 6/27 [quokka (4)]
  1739 | D:3      | Gained mutation: You are partially covered in razor-sharp
                  | scales. (AC +1, Slay +1) [demonic ancestry]
  1739 | D:3      | Reached XP level 4. HP: 8/33 MP: 8/8
  1994 | D:3      | HP: 12/49 [orc/+0 short sword (3)]
  1995 | D:3      | HP: 2/49 [orc priest/nerve-wracking pain (11)]
  1996 | D:3      | Slain by an orc

Vanquished Creatures
  An orc priest (D:3)
  A worm (D:2)
  A dart slug (D:3)
  A ball python (D:2)
  4 bats
  5 endoplasms
  8 giant cockroaches
  4 goblins
  6 hobgoblins
  3 jackals (D:2)
  4 quokkas
  10 frilled lizards
  7 kobolds
  3 rats
58 creatures vanquished.

Vanquished Creatures (others)
  9 plants (D:1)
9 creatures vanquished.

Grand Total: 67 creatures vanquished

Table legend:
 A = Non-vault XP
 B = Vault XP
 C = Vault XP percentage of total XP
 D = Non-vault monster count
 E = Vault monster count
 F = Vault count percentage of total count
                 A         B        C        D         E       F
            +---------+---------+-------+---------+---------+-------
      Total |     133 |       7 |   5.0 |      51 |       7 |  12.1
            +---------+---------+-------+---------+---------+-------
        D:1 |      45 |       6 |  11.8 |      26 |       6 |  18.8
        D:2 |      37 |       1 |   2.6 |      20 |       1 |   4.8
        D:3 |      51 |       0 |   0.0 |       5 |       0 |   0.0
            +---------+---------+-------+---------+---------+-------

Illustrated notes

Table legend:
 A = Kills in this place as a percentage of kills in entire the game.
 B = Kills by you in this place as a percentage of kills by you in the entire game.
 C = Kills by friends in this place as a percentage of kills by friends in the entire game.
 D = Other kills in this place as a percentage of other kills in the entire game.
 E = Experience gained in this place as a percentage of experience gained in the entire game.
 F = Experience gained in this place divided by the number of levels of this place that you have seen.
                   A       B       C       D       E      F
               +-------+-------+-------+-------+-------+----------------------
         Total | 100.0 | 100.0 |   N/A |   N/A | 100.0 |  46.7
       Dungeon | 100.0 | 100.0 |   N/A |   N/A | 100.0 |  46.7
               +-------+-------+-------+-------+-------+----------------------

Table legend: (Time is in decaauts)
 A = Elapsed time spent in this place.
 B = Non-inter-level travel time spent in this place.
 C = Inter-level travel time spent in this place.
 D = Time resting spent in this place.
 E = Time spent auto-exploring this place.
 F = Levels seen in this place.
 G = Mean time per level.
                   A        B        C        D        E       F      G
               +--------+--------+--------+--------+--------+-----+--------+
         Total |   2054 |   2011 |     43 |    324 |   1362 |   3 |  684.7 |
       Dungeon |   2054 |   2011 |     43 |    324 |   1362 |   3 |  684.7 |
               +--------+--------+--------+--------+--------+-----+--------+

Top non-repeatable levels by time:
     D:1: 945 daAuts
     D:2: 713 daAuts
     D:3: 395 daAuts
